[Event "Kadrioru MK Open A"]
[Site "Tallinn, Paul Keres Chess House, Estonia"]
[Date "2023.02.10"]
[Round "1.1"]
[White "Akhvedliani, Irakli"]
[Black "Zafra, Kim"]
[Result "1/2-1/2"]
[TimeControl "90 minutes with 30 second increment from move 1"]
[WhiteTitle "FM"]
[WhiteElo "2420"]
[BlackElo "1686"]

1. d4 Nf6 2. c4 g6 3. Nc3 Bg7 4. e4 d6 5. Nf3 Bg4 6. Be2 O-O 7. Be3 Nc6 8. d5 Bxf3 9. Bxf3 Na5 10. Be2 b6 11. O-O Nd7 12. Qd2 e5 13. b4 Nb7 14. Rfc1 f5 15. f3 Rf7 16. Na4 Bf8 17. a3 Qe8 18. Nc3 f4 19. Bf2 g5 20. g4 h5 21. h3 Rh7 22. Kg2 Qg6 23. c5 dxc5 24. d6 Qxd6 25. Bc4+ Kh8 26. Qd5 Qxd5 27. Bxd5 Rb8 28. Nb5 Nf6 29. Nxa7 Nxd5 30. exd5 Rd7 31. Rd1 Re8 32. Nc6 Bg7 33. Rac1 cxb4 34. axb4 Nd6 35. gxh5 Kh7 36. Re1 Kh6 37. Rcd1 Kxh5 38. Re2 Rf7 39. Rd3 e4 40. fxe4 g4 41. hxg4+ Kxg4 42. Rf3 Nxe4 43. Re1 Rf5 44. Rh1 Bf6 45. Rd1 Rh8 46. Bg1 Rg5 47. Nd4 Rxd5 48. Rfd3 Bxd4 49. Rxd4 Rxd4 50. Rxd4 f3+ 51. Kf1 Kf4 52. Rd7 Rh5 53. Rxc7 f2 54. Bxf2 Nxf2 55. Kxf2 Rh2+ 56. Ke1 Rb2 57. Kd1 Ke3 58. Kc1 Rxb4 59. Kc2 Kd4 60. Rh7 Kc4 61. Rh5 Rb5 62. Rxb5 Kxb5 1/2-1/2

[Event "Kadrioru MK Open A"]
[Site "Tallinn, Paul Keres Chess House, Estonia"]
[Date "2023.02.10"]
[Round "1.2"]
[White "Jibuti, Nata"]
[Black "Shvyrjov, Igor"]
[Result "0-1"]
[TimeControl "90 minutes with 30 second increment from move 1"]
[WhiteTitle "WFM"]
[BlackTitle "GM"]
[WhiteElo "1654"]
[BlackElo "2369"]

1. e4 g6 2. d4 Bg7 3. Nf3 d6 4. Bd3 Bg4 5. c3 c6 6. h3 Bxf3 7. Qxf3 Nd7 8. Be3 Ngf6 9. Nd2 O-O 10. O-O e5 11. Rad1 Qe7 12. Qe2 Nh5 13. dxe5 dxe5 14. Bb1 b5 15. Nf3 Nc5 16. Rd2 h6 17. Rfd1 Nf4 18. Bxf4 exf4 19. Nd4 Qc7 20. Nb3 Na4 21. Rd7 Qb6 22. Qd2 Be5 23. a3 a5 24. Qc2 b4 25. cxb4 axb4 26. axb4 Nxb2 27. R1d2 Qxb4 28. Nd4 Nc4 29. Nxc6 Qb5 30. Ne7+ Kg7 31. R2d5 Qb4 32. Kh2 f3+ 33. g3 Ne3 34. fxe3 Qe1 35. Rxe5 Qe2+ 36. Kh1 Qe1+ 37. Kh2 f2 38. Rd1 f1=N+ 39. Kh1 Nxg3+ 40. Kg2 Qxe3 41. Qf2 Qb3 42. Red5 Nh5 43. R5d3 Qe6 44. Nd5 Qxe4+ 45. Rf3 Qe5 46. Qd4 Qxd4 47. Rxd4 Rab8 48. Rd1 Rfd8 49. Rfd3 Rxd5 50. Rxd5 Nf4+ 51. Kf3 Nxd5 52. Bxg6 Rb3+ 53. Rd3 Rxd3+ 54. Bxd3 Kf6 55. Bc4 Ke5 56. Bb3 f5 57. Bc4 Nf6 58. Bf1 Ne4 59. Ba6 h5 60. Bb7 h4 61. Ba8 Ng5+ 62. Kg2 Kf4 63. Bc6 Ke3 64. Bd7 f4 65. Bg4 f3+ 66. Kf1 Ne4 0-1

[Event "Kadrioru MK Open A"]
[Site "Tallinn, Paul Keres Chess House, Estonia"]
[Date "2023.02.10"]
[Round "1.3"]
[White "Jezov, Roman"]
[Black "Rajandu, Aaron"]
[Result "1/2-1/2"]
[TimeControl "90 minutes with 30 second increment from move 1"]
[WhiteTitle "FM"]
[WhiteElo "2262"]
[BlackElo "1539"]

1. e4 c6 2. d4 d5 3. Nc3 dxe4 4. Nxe4 Nf6 5. Nxf6+ exf6 6. c3 Bd6 7. Bd3 O-O 8. Qc2 h5 9. Ne2 Re8 10. Be3 Nd7 11. O-O-O Nf8 12. h3 Be6 13. g4 h4 14. c4 Qa5 15. Kb1 b5 16. d5 cxd5 17. cxd5 Bxd5 18. Bh7+ Nxh7 19. Rxd5 Be5 20. Qb3 Qa4 21. Nd4 Bxd4 22. Qxa4 bxa4 23. Rxd4 a3 24. b3 a5 25. Ra4 Ng5 26. Rxa3 Re4 27. Kb2 Nf3 28. Rd1 Ng5 29. Rh1 Nf3 30. Rd1 Ng5 31. Rh1 1/2-1/2

[Event "Kadrioru MK Open A"]
[Site "Tallinn, Paul Keres Chess House, Estonia"]
[Date "2023.02.10"]
[Round "1.5"]
[White "Petrov, Dmitri"]
[Black "Sepandi, Jaak"]
[Result "1-0"]
[TimeControl "90 minutes with 30 second increment from move 1"]
[WhiteElo "2246"]
[BlackElo "1479"]

1. e4 e6 2. d4 d5 3. Nd2 dxe4 4. Nxe4 Nd7 5. Bd3 Ngf6 6. Nf3 c5 7. O-O Nxe4 8. Bxe4 Nf6 9. Bg5 h6 10. Bxf6 Qxf6 11. c3 a6 12. Qa4+ Bd7 13. Qb3 Rb8 14. Bxb7 Qd8 15. Ne5 Qc7 16. Nxd7 Rxb7 17. Qc4 Qxd7 18. dxc5 Qb5 19. Qxb5+ axb5 20. b4 Be7 21. a4 O-O 22. a5 Bf6 23. Rfc1 Ra8 24. Kf1 Ra6 25. Ke2 Rd7 26. Rab1 Kf8 27. c4 bxc4 28. Rxc4 Ke8 29. c6 Rd4 30. Rc5 Kd8 31. c7+ Kc8 32. b5 Rxa5 33. b6 Rxc5 34. b7+ Kxc7 35. b8=Q+ Kc6 36. Qb7+ Kd6 37. Qxf7 Rdc4 38. g3 e5 39. Qf8+ Kd5 40. Qf7+ Kd6 41. h4 Rc7 42. Qf8+ Kd5 43. Rb6 Rc2+ 44. Kf1 R7c6 45. Qa8 Kd6 46. Qb8+ Kd7 47. Rb3 R2c4 48. Kg2 Ke6 49. Qe8+ Kd6 50. Rf3 Kd5 51. Kh3 Re6 52. Qf7 Kd6 53. Ra3 Rc6 54. f3 Re7 55. Rd3+ Kc7 56. Qd5 Rc1 57. Qd6+ Kc8 58. Rb3 Rcc7 59. g4 Red7 60. Qe6 Kd8 61. Rb8+ Rc8 62. Qg8+ 1-0

[Event "Kadrioru MK Open A"]
[Site "Tallinn, Paul Keres Chess House, Estonia"]
[Date "2023.02.11"]
[Round "2.1"]
[White "Shvyrjov, Igor"]
[Black "Garber, Vjatseslav"]
[Result "1/2-1/2"]
[TimeControl "90 minutes with 30 second increment from move 1"]
[WhiteTitle "GM"]
[WhiteElo "2369"]
[BlackElo "2051"]

1. Nf3 d5 2. d4 g6 3. c4 c6 4. Qb3 Bg7 5. Nc3 dxc4 6. Qxc4 Be6 7. Qa4 b5 8. Qd1 Nf6 9. g3 Qa5 10. Bg2 Ne4 11. Bd2 Nxd2 12. Qxd2 b4 13. Ne4 Bd5 14. Nc5 Na6 15. Nd3 Qb6 16. e3 O-O 17. O-O Rac8 18. Nfe5 Bxg2 19. Kxg2 c5 20. dxc5 Nxc5 21. Nxc5 Rxc5 22. Nf3 Rd8 23. Qe2 Qc6 24. Rad1 Rc8 25. Rd2 Qe6 26. b3 Bc3 27. Rd3 Ra5 28. e4 Qa6 29. e5 Rxa2 30. Qe3 Kg7 31. Rd7 Qe6 32. Rxa7 Rxa7 33. Qxa7 Qxb3 34. Qxe7 Qe6 35. Qb7 Qc6 36. Qxc6 Rxc6 37. Rb1 Ra6 38. Ne1 Ra1 39. Rxa1 Bxa1 40. Nd3 b3 41. f4 b2 42. Nxb2 Bxb2 43. Kf3 Kf8 44. h4 Ke7 45. h5 h6 46. hxg6 fxg6 47. g4 g5 48. Ke4 Bc1 49. f5 Bb2 50. Kd5 Bc3 51. Ke4 Bb2 52. Kd5 Kd7 53. Ke4 Ke7 1/2-1/2

[Event "Kadrioru MK Open A"]
[Site "Tallinn, Paul Keres Chess House, Estonia"]
[Date "2023.02.11"]
[Round "2.2"]
[White "Pedoson, Georg Aleksander"]
[Black "Mogilny, Evgeny"]
[Result "1-0"]
[TimeControl "90 minutes with 30 second increment from move 1"]
[WhiteElo "2253"]
[BlackElo "1756"]

1. d4 e6 2. c4 d5 3. Nc3 Nf6 4. cxd5 exd5 5. Bg5 Be7 6. e3 O-O 7. Bd3 c6 8. Nge2 h6 9. Bh4 Ne8 10. Bg3 f5 11. Qc2 Nd6 12. Be5 Ne4 13. f3 Nxc3 14. Nxc3 Be6 15. O-O Nd7 16. f4 Rc8 17. Rad1 Nxe5 18. fxe5 Bg5 19. Qe2 Rc7 20. g3 Rcf7 21. Bb1 g6 22. Qf3 h5 23. h4 Be7 24. Ne2 Kg7 25. Nf4 Qd7 26. Kg2 Rh8 27. Rh1 Rff8 28. Rdf1 Kf7 29. Qd1 Rfg8 30. Qb3 Ke8 31. Nxe6 Qxe6 32. Qxb7 Qd7 33. Qa6 Kf7 34. Rc1 Rc8 35. Rhf1 Ke6 36. Rxf5 gxf5 37. Bxf5+ Kxf5 38. Qd3+ Ke6 39. Qg6+ Bf6 40. Qxf6# 1-0

[Event "Kadrioru MK Open A"]
[Site "Tallinn, Paul Keres Chess House, Estonia"]
[Date "2023.02.11"]
[Round "2.3"]
[White "Medar, Marti"]
[Black "Petrov, Dmitri"]
[Result "1/2-1/2"]
[TimeControl "90 minutes with 30 second increment from move 1"]
[WhiteElo "2063"]
[BlackElo "2246"]

1. c4 c5 2. g3 Nc6 3. Bg2 g6 4. Nc3 Bg7 5. a3 e5 6. d3 Nge7 7. Rb1 a5 8. Nf3 O-O 9. O-O d6 10. Ne1 Be6 11. Nc2 d5 12. cxd5 Nxd5 13. Ne4 b6 14. Ng5 Bc8 15. Ne3 Nce7 16. Nxd5 Nxd5 17. Qb3 Bb7 18. Bd2 Rb8 19. Rfc1 h6 20. Ne4 Nc7 21. Nc3 Bxg2 22. Kxg2 Qd7 23. Qa4 Rfd8 24. Qxd7 Rxd7 25. Be3 Bf8 26. Ne4 Nd5 27. Nd2 f5 28. Nc4 Re8 29. Bd2 Re6 30. Be1 g5 31. e4 Ne7 32. Rd1 a4 33. Bc3 Bg7 34. exf5 Nxf5 35. Kf3 b5 36. Ne3 Nd4+ 37. Ke4 Nc6 38. Nf5 Bf8 39. Rbc1 Nd4 40. Bxd4 exd4+ 41. Kf3 Rd5 42. g4 Rde5 43. Ng3 Rf6+ 44. Kg2 Rf4 45. h3 Kf7 46. Nh5 Re2 47. Nxf4 gxf4 48. Rb1 b4 49. Kf3 Rc2 50. Rdc1 Rd2 51. Rd1 Rc2 52. Rdc1 Rd2 53. Rd1 1/2-1/2

[Event "Kadrioru MK Open A"]
[Site "Tallinn, Paul Keres Chess House, Estonia"]
[Date "2023.02.11"]
[Round "2.4"]
[White "Rychagov, Nikita"]
[Black "Valdats, Reinis"]
[Result "0-1"]
[TimeControl "90 minutes with 30 second increment from move 1"]
[WhiteElo "2192"]
[BlackElo "1736"]

1. e4 c5 2. Nf3 e6 3. d4 cxd4 4. Nxd4 Nc6 5. Nc3 Qc7 6. Be3 a6 7. a3 Nf6 8. f4 Nxd4 9. Qxd4 Ng4 10. O-O-O Nxe3 11. Qxe3 Bc5 12. Qg3 O-O 13. e5 d5 14. h4 f5 15. h5 Bd7 16. Rd2 Rac8 17. Rh3 b5 18. Na2 a5 19. Qb3 b4 20. axb4 axb4 21. Kd1 Ra8 22. h6 g6 23. Nxb4 Bxb4 24. Qxb4 Rfb8 25. Rc3 Rxb4 26. Rxc7 Ra1+ 27. Ke2 Bb5+ 28. Kf3 Rxf1+ 29. Kg3 Rfxf4 30. Rc8+ Kf7 31. Rc7+ Kf8 32. Rd1 Rg4+ 33. Kf2 Rxb2 34. Kf3 Rbb4 35. g3 Rgc4 36. Rxh7 g5 37. Ra1 Ra4 38. Rb1 g4+ 39. Ke3 Re4+ 40. Kd2 Re2+ 41. Kc3 Rc4+ 42. Kb3 Re3+ 43. c3 Rexc3+ 44. Kb2 Rb4+ 45. Kxc3 Rxb1 46. Rb7 Kg8 47. Kd4 Rd1+ 48. Kc5 Bc4 49. Kd6 d4 50. Ke7 Ra1 51. Rb4 Bd5 52. Rxd4 Kh7 53. Kf6 Kxh6 54. Rb4 Ra8 55. Rb2 Kh7 56. Rh2+ Kg8 57. Kg6 Kf8 58. Kf6 Ke8 59. Rh7 Kd8 60. Rh8+ Kd7 0-1

[Event "Kadrioru MK Open A"]
[Site "Tallinn, Paul Keres Chess House, Estonia"]
[Date "2023.02.11"]
[Round "3.1"]
[White "Andrijashkin, Deniss"]
[Black "Pedoson, Georg Aleksander"]
[Result "1-0"]
[TimeControl "90 minutes with 30 second increment from move 1"]
[WhiteElo "2132"]
[BlackElo "2253"]

1. d4 Nf6 2. c4 g6 3. h4 h6 4. Nc3 d5 5. h5 g5 6. Nf3 Bg7 7. cxd5 Nxd5 8. e4 Nxc3 9. bxc3 c5 10. Bc4 g4 11. Qb3 e6 12. Ne5 cxd4 13. Nxg4 Nc6 14. Bf4 Qa5 15. e5 Bxe5 16. Nxe5 Nxe5 17. Bb5+ Nc6 18. O-O Qxc3 19. Qd1 Bd7 20. Rc1 Qb4 21. Rb1 Qc5 22. Qa4 Rg8 23. Rfc1 Qd5 24. Bg3 d3 25. Rd1 d2 26. Qc2 Rd8 27. Rxd2 Nd4 28. Bxd7+ Qxd7 29. Qh7 Nf3+ 30. Kh1 Qxd2 31. Qxg8+ Ke7 32. Rxb7+ Rd7 33. Rxd7+ Qxd7 34. gxf3 Qa4 35. Qg7 1-0

[Event "Kadrioru MK Open A"]
[Site "Tallinn, Paul Keres Chess House, Estonia"]
[Date "2023.02.11"]
[Round "3.2"]
[White "Valdats, Reinis"]
[Black "Neff, Sergei"]
[Result "1-0"]
[TimeControl "90 minutes with 30 second increment from move 1"]
[WhiteElo "1736"]
[BlackElo "2159"]

1. e4 c5 2. Nf3 Nc6 3. d4 cxd4 4. Nxd4 Nf6 5. Nc3 e5 6. Ndb5 h6 7. Nd5 Nxd5 8. exd5 a6 9. dxc6 axb5 10. cxd7+ Bxd7 11. Qd5 Qc7 12. c3 b4 13. Bd2 Ra5 14. Qf3 e4 15. Qe3 b3 16. a3 Bxa3 17. bxa3 b2 18. Rb1 Rxa3 19. Rxb2 Ra1+ 20. Bc1 f5 21. Be2 O-O 22. O-O Bc6 23. Qf4 Qe7 24. h4 Qf6 25. Rb3 Rc8 26. Be3 Rca8 27. Bd4 Qf7 28. Rbb1 R1a5 29. Rfd1 Kh7 30. Rb2 Rg8 31. Rdb1 g5 32. hxg5 Rxg5 33. Bb5 Bd5 34. Bc4 b5 35. Bxd5 Qxd5 36. Qe5 Qxe5 37. Bxe5 b4 38. Bf6 1-0

[Event "Kadrioru MK Open A"]
[Site "Tallinn, Paul Keres Chess House, Estonia"]
[Date "2023.02.11"]
[Round "3.3"]
[White "Akhvedliani, Irakli"]
[Black "Medar, Marti"]
[Result "1-0"]
[TimeControl "90 minutes with 30 second increment from move 1"]
[WhiteTitle "FM"]
[WhiteElo "2420"]
[BlackElo "2063"]

1. d4 Nf6 2. c4 e6 3. Nf3 Bb4+ 4. Nbd2 d5 5. a3 Be7 6. e3 O-O 7. Bd3 Nbd7 8. O-O dxc4 9. Bxc4 c5 10. e4 Nb6 11. Bd3 Nh5 12. dxc5 Bxc5 13. Nb3 Be7 14. Qe2 Bd7 15. e5 Nd5 16. Qe4 g6 17. Bh6 Re8 18. Nbd4 Qb6 19. Rab1 a5 20. Bc4 Red8 21. Bxd5 exd5 22. Qxd5 Bf5 23. Nxf5 gxf5 24. Be3 Rxd5 25. Bxb6 Ra6 26. Be3 f4 27. Bd2 Rb6 28. Bc3 Rb3 29. Nd4 Rb6 30. Nf5 Bf8 31. Rbd1 Rxd1 32. Rxd1 f6 33. exf6 Nxf6 34. f3 Bc5+ 35. Kf1 Kf7 36. g4 Rb3 37. g5 Nh5 38. Nd6+ Ke6 39. Nc4 1-0

[Event "Kadrioru MK Open A"]
[Site "Tallinn, Paul Keres Chess House, Estonia"]
[Date "2023.02.11"]
[Round "3.4"]
[White "Sinitsina, Anastassia"]
[Black "Shvyrjov, Igor"]
[Result "1-0"]
[TimeControl "90 minutes with 30 second increment from move 1"]
[WhiteTitle "WFM"]
[BlackTitle "GM"]
[WhiteElo "2174"]
[BlackElo "2369"]

1. e4 d5 2. exd5 Qxd5 3. Nc3 Qd6 4. d4 Nf6 5. Bd3 g6 6. Nge2 Bg7 7. Bf4 Qd8 8. Qd2 O-O 9. O-O-O Nc6 10. Bb5 Nb4 11. f3 Be6 12. a3 a6 13. Ba4 Nbd5 14. Be5 Nb6 15. Bb3 Bxb3 16. cxb3 c6 17. g4 Nbd7 18. Bf4 Qb6 19. Qc2 Nd5 20. Nxd5 cxd5 21. Kb1 Rac8 22. Qd3 e5 23. dxe5 Nxe5 24. Bxe5 Bxe5 25. h4 Bg7 26. h5 Rfe8 27. hxg6 hxg6 28. Nf4 Qf6 29. Qd2 Rcd8 30. Rde1 Rxe1+ 31. Rxe1 Qg5 32. Qa5 Bf6 33. Qc7 d4 34. Rd1 Be5 35. Nh3 Qf6 36. Qxb7 Rb8 37. Qd5 Rb5 38. Qa8+ Kg7 39. Rd3 Qe6 40. Qe4 f5 41. gxf5 Qxf5 42. Nf2 Kf7 43. b4 Bg7 44. Ka2 Rb6 45. Rb3 Qb5 46. Nd3 Re6 47. Qf4+ Kg8 48. Nc5 Re7 49. Qd6 Qe8 50. Qxa6 Qf7 51. b5 Re3 52. b6 Be5 53. b7 Kg7 54. Qe6 Qxe6 55. Nxe6+ Kf7 56. Nxd4 Re1 57. b8=Q Bxb8 58. Rxb8 g5 59. a4 Ke7 60. Rb5 Rd1 61. Nf5+ Kd7 62. Ne3 Re1 63. Ng4 Kc6 64. Rxg5 Re6 65. Rg6 1-0

[Event "Kadrioru MK Open A"]
[Site "Tallinn, Paul Keres Chess House, Estonia"]
[Date "2023.02.11"]
[Round "3.5"]
[White "Jezov, Roman"]
[Black "Garber, Vjatseslav"]
[Result "1-0"]
[TimeControl "90 minutes with 30 second increment from move 1"]
[WhiteTitle "FM"]
[WhiteElo "2262"]
[BlackElo "2051"]

1. e4 c5 2. Be2 Nc6 3. f4 Nd4 4. Nf3 Nxe2 5. Qxe2 g6 6. Nc3 Bg7 7. O-O d6 8. e5 Nh6 9. exd6 Qxd6 10. Ne4 Qb6 11. Qc4 Bf5 12. Nxc5 O-O 13. d4 Rfd8 14. c3 Rac8 15. Qb3 Rc7 16. Qxb6 axb6 17. Nb3 Be4 18. Be3 Nf5 19. Kf2 Nd6 20. Nbd2 Bd3 21. Rfe1 f6 22. d5 Nc8 23. c4 b5 24. Nd4 bxc4 25. Ne6 Rcd7 26. Nxd8 Rxd8 27. Rac1 b5 28. b3 f5 29. bxc4 Bb2 30. Rb1 Bxb1 31. Rxb1 bxc4 32. Nxc4 Bf6 33. Rb8 Rf8 34. a4 Kf7 35. a5 e6 36. Rxc8 1-0

[Event "Kadrioru MK Open A"]
[Site "Tallinn, Paul Keres Chess House, Estonia"]
[Date "2023.02.12"]
[Round "4.1"]
[White "Valdats, Reinis"]
[Black "Andrijashkin, Deniss"]
[Result "0-1"]
[TimeControl "90 minutes with 30 second increment from move 1"]
[WhiteElo "1736"]
[BlackElo "2132"]

1. e4 g6 2. d4 Bg7 3. Nc3 a6 4. Be3 b5 5. Bd3 Bb7 6. Qd2 d6 7. O-O-O Nd7 8. f3 Rc8 9. g4 c5 10. dxc5 Nxc5 11. Nce2 Nf6 12. Ng3 O-O 13. Bd4 Ne6 14. Bc3 Rxc3 15. Qxc3 Nxe4 16. Qe1 N4c5 17. N3e2 Na4 18. c3 Qa5 19. Bc2 Rc8 20. Kb1 Nxb2 21. Kxb2 b4 22. Ka1 Rxc3 23. Nxc3 Bxc3+ 24. Qxc3 bxc3 25. Rb1 Bd5 26. Bb3 c2 0-1

[Event "Kadrioru MK Open A"]
[Site "Tallinn, Paul Keres Chess House, Estonia"]
[Date "2023.02.12"]
[Round "4.2"]
[White "Petrov, Dmitri"]
[Black "Akhvedliani, Irakli"]
[Result "0-1"]
[TimeControl "90 minutes with 30 second increment from move 1"]
[BlackTitle "FM"]
[WhiteElo "2246"]
[BlackElo "2420"]

1. e4 c5 2. Nf3 Nc6 3. Bb5 g6 4. O-O Bg7 5. Re1 e5 6. d3 Nge7 7. Be3 d6 8. Qd2 Bg4 9. c3 Bxf3 10. gxf3 Qd7 11. Bh6 O-O 12. Bxg7 Kxg7 13. Qe3 f5 14. Nd2 f4 15. Qe2 g5 16. Kh1 Rf6 17. Rg1 Rg6 18. Nb3 Qh3 19. d4 cxd4 20. cxd4 Kh8 21. Qd1 Rh6 22. Rg2 g4 23. Be2 Ng6 24. fxg4 f3 25. Bxf3 Nf4 26. Kg1 Nxg2 27. Bxg2 Qxh2+ 28. Kf1 Rf8 29. Qe2 Rhf6 30. f3 Qg3 0-1

[Event "Kadrioru MK Open A"]
[Site "Tallinn, Paul Keres Chess House, Estonia"]
[Date "2023.02.12"]
[Round "4.3"]
[White "Sinitsina, Anastassia"]
[Black "Jezov, Roman"]
[Result "1/2-1/2"]
[TimeControl "90 minutes with 30 second increment from move 1"]
[WhiteTitle "WFM"]
[BlackTitle "FM"]
[WhiteElo "2174"]
[BlackElo "2262"]

1. e4 c5 2. Nc3 Nc6 3. Bb5 g6 4. Bxc6 dxc6 5. f4 Bg7 6. Nf3 Nf6 7. d3 O-O 8. O-O Ne8 9. Be3 b6 10. Qe1 Nc7 11. Qh4 f5 12. Kh1 Ne6 13. Ng5 Nxg5 14. Qxg5 e5 15. Qg3 fxe4 16. Nxe4 Bf5 17. Nc3 exf4 1/2-1/2

[Event "Kadrioru MK Open A"]
[Site "Tallinn, Paul Keres Chess House, Estonia"]
[Date "2023.02.12"]
[Round "4.4"]
[White "Pedoson, Georg Aleksander"]
[Black "Zalitis, Arturs-Aleksis"]
[Result "1-0"]
[TimeControl "90 minutes with 30 second increment from move 1"]
[WhiteElo "2253"]
[BlackElo "1908"]

1. d4 Nf6 2. c4 g6 3. Nc3 d5 4. cxd5 Nxd5 5. Bd2 Bg7 6. e4 Nxc3 7. Bxc3 c5 8. d5 Bxc3+ 9. bxc3 O-O 10. Bc4 e6 11. Ne2 exd5 12. Bxd5 Nd7 13. O-O Rb8 14. a4 b6 15. c4 Qe7 16. Nc3 Nf6 17. f4 Bd7 18. e5 Ne8 19. Qf3 a6 20. g4 Qh4 21. h3 Ng7 22. Ne4 Bc8 23. Ra2 Ne6 24. Rg2 Nd4 25. Qe3 Kh8 26. a5 Qd8 27. f5 gxf5 28. Nf6 1-0

[Event "Kadrioru MK Open A"]
[Site "Tallinn, Paul Keres Chess House, Estonia"]
[Date "2023.02.12"]
[Round "4.5"]
[White "Rychagov, Nikita"]
[Black "Mogilny, Evgeny"]
[Result "1-0"]
[TimeControl "90 minutes with 30 second increment from move 1"]
[WhiteElo "2192"]
[BlackElo "1756"]

1. e4 e5 2. Nf3 Nc6 3. d4 d6 4. d5 Nce7 5. c4 b6 6. Nc3 f5 7. c5 bxc5 8. Bb5+ Bd7 9. Ng5 Bxb5 10. Ne6 Qd7 11. Nxb5 Rc8 12. Nxa7 Rb8 13. a4 Nf6 14. Nb5 Rb7 15. f3 Kf7 16. O-O f4 17. g3 fxg3 18. hxg3 Kg8 19. Bg5 Ng6 20. b3 Be7 21. Ra2 h6 22. Be3 Nf8 23. Nxf8 Bxf8 24. Nc3 g5 25. a5 Be7 26. a6 Ra7 27. Qd3 Kg7 28. b4 Qh3 29. Rg2 Qd7 30. Ra1 Rha8 31. Qc4 c6 32. dxc6 Qxc6 33. b5 Qc8 34. Rd1 Rd7 35. Ra2 Bd8 36. Qe6 Be7 37. f4 exf4 38. gxf4 Nh7 39. Nd5 Rda7 40. Qxc8 Rxc8 41. b6 Rd7 42. b7 Rb8 43. a7 Rdxb7 44. axb8=Q Rxb8 45. Nxe7 Nf6 46. fxg5 Nxe4 47. gxh6+ Kf7 48. Nf5 Ke6 49. Ng7+ Ke5 50. Rf1 Kd5 51. Nf5 Ke5 52. h7 Rh8 53. Ra7 d5 54. Nh4 Rd8 55. Ng6+ Ke6 56. Rf8 1-0

[Event "Kadrioru MK Open A"]
[Site "Tallinn, Paul Keres Chess House, Estonia"]
[Date "2023.02.12"]
[Round "5.1"]
[White "Andrijashkin, Deniss"]
[Black "Akhvedliani, Irakli"]
[Result "0-1"]
[TimeControl "90 minutes with 30 second increment from move 1"]
[BlackTitle "FM"]
[WhiteElo "2132"]
[BlackElo "2420"]

1. c4 Nf6 2. g3 g6 3. Bg2 Bg7 4. Nc3 O-O 5. d4 d6 6. e4 Nc6 7. Nge2 e5 8. d5 Ne7 9. O-O Nd7 10. Rb1 f5 11. f3 h6 12. b4 f4 13. gxf4 exf4 14. Nxf4 Ne5 15. Ne6 Bxe6 16. dxe6 g5 17. Nd5 Nxc4 18. Bh3 c6 19. Nxe7+ Qxe7 20. Qe2 b5 21. Bf5 d5 22. f4 Nd6 23. fxg5 dxe4 24. Bxe4 Bd4+ 25. Kg2 Rxf1 26. Kxf1 Rf8+ 27. Ke1 Bc3+ 28. Kd1 Qg7 29. Qd3 Qe5 30. Bh7+ Kh8 31. Kc2 Rf2+ 32. Kb3 a5 0-1

[Event "Kadrioru MK Open A"]
[Site "Tallinn, Paul Keres Chess House, Estonia"]
[Date "2023.02.12"]
[Round "5.2"]
[White "Jezov, Roman"]
[Black "Neff, Sergei"]
[Result "1-0"]
[TimeControl "90 minutes with 30 second increment from move 1"]
[WhiteTitle "FM"]
[WhiteElo "2262"]
[BlackElo "2159"]

1. e4 e6 2. b3 b6 3. Bb2 Bb7 4. Nc3 Nh6 5. Nf3 g5 6. Nd5 exd5 7. Bxh8 dxe4 8. Ng1 Qe7 9. Qh5 Qc5 10. h4 g4 11. Qg5 Nc6 12. c3 Qd6 13. Bf6 Ne7 14. Ne2 Neg8 15. Be5 Qe7 16. Bxc7 f6 17. Qh5+ Qf7 18. Qxf7+ Nxf7 19. Bf4 Ne7 20. Nd4 Nd5 21. Be3 Ne5 22. h5 a5 23. a4 Rc8 24. Nb5 f5 25. Bd4 Nc6 26. Bc4 Nxd4 27. Nxd4 Ne7 28. h6 Rc5 29. Bb5 Kd8 30. b4 Re5 31. bxa5 bxa5 32. Rh5 Bd5 33. Rb1 Bf7 34. Rh1 f4 35. Be2 f3 36. Rb8+ Nc8 37. Ba6 Rc5 38. gxf3 exf3 39. Nb5 Bb3 40. d4 Rc6 41. Bb7 Re6+ 42. Kf1 Bc4+ 43. Kg1 Re1+ 44. Kh2 g3+ 45. Kxg3 1-0

[Event "Kadrioru MK Open A"]
[Site "Tallinn, Paul Keres Chess House, Estonia"]
[Date "2023.02.12"]
[Round "5.3"]
[White "Pedoson, Georg Aleksander"]
[Black "Sinitsina, Anastassia"]
[Result "0-1"]
[TimeControl "90 minutes with 30 second increment from move 1"]
[BlackTitle "WFM"]
[WhiteElo "2253"]
[BlackElo "2174"]

1. d4 Nf6 2. c4 g6 3. Nc3 Bg7 4. g3 d5 5. cxd5 Nxd5 6. Bg2 Nb6 7. Nf3 Nc6 8. e3 O-O 9. O-O Re8 10. h3 e5 11. d5 Na5 12. e4 c6 13. Bg5 f6 14. Be3 cxd5 15. Bxb6 axb6 16. Nxd5 Be6 17. h4 Bxd5 18. Qxd5+ Qxd5 19. exd5 Nc4 20. b3 Nd6 21. a4 Rac8 22. Rac1 Bh6 23. Rcd1 Rc3 24. Nd2 Bxd2 25. Rxd2 f5 26. Re1 Kf7 27. Re3 Rxe3 28. fxe3 Rc8 29. Kf2 Rc3 30. Rb2 e4 31. Bf1 Kf6 32. Bc4 Ke5 33. Rd2 h6 34. Ke2 g5 35. hxg5 hxg5 36. Rb2 Rc1 37. Kf2 f4 38. gxf4+ gxf4 39. exf4+ Kxf4 40. Kg2 e3 41. Be2 Nf5 42. b4 Nd4 43. Bh5 Ke5 44. Bf3 Rc8 45. Bh5 Rh8 46. Be2 Kxd5 47. Bd3 Rc8 48. Rb1 Rc3 49. Bg6 Ke5 50. Rh1 e2 51. Kf2 Rf3+ 52. Ke1 Ra3 53. Kf2 Rxa4 54. Bd3 Rxb4 55. Rh5+ Kd6 56. Rh6+ Kc7 57. Rh7+ Kb8 58. Be4 Nc6 59. Bf3 Rb2 60. Be4 b5 61. Ke1 b4 62. Rh2 Nd4 63. Rh7 b3 64. Rd7 Nc6 65. Rg7 Ra2 66. Kf2 b2 67. Rg1 e1=Q+ 68. Kxe1 Ra1+ 69. Kf2 Rc1 70. Re1 Nd4 71. Bb1 Nc2 0-1

[Event "Kadrioru MK Open A"]
[Site "Tallinn, Paul Keres Chess House, Estonia"]
[Date "2023.02.12"]
[Round "5.4"]
[White "Tomson, Mihkel"]
[Black "Rychagov, Nikita"]
[Result "0-1"]
[TimeControl "90 minutes with 30 second increment from move 1"]
[WhiteElo "1590"]
[BlackElo "2192"]

1. Nf3 d5 2. b3 Nf6 3. Bb2 c5 4. e3 g6 5. c4 dxc4 6. Bxc4 Bg7 7. O-O O-O 8. h3 Nc6 9. Nc3 a6 10. Rc1 b5 11. Be2 Bb7 12. d4 cxd4 13. Nxd4 Nxd4 14. Qxd4 Qxd4 15. exd4 Rac8 16. Ba3 Rfe8 17. Rfd1 e6 18. Bc5 Nd7 19. b4 e5 20. Bf1 exd4 21. Bxd4 Ne5 22. a4 bxa4 23. Nxa4 Rxc1 24. Rxc1 Nf3+ 25. gxf3 Bxd4 26. Kg2 Re5 27. h4 Rf5 28. Be2 Bd5 29. Nc5 Rf4 30. Rd1 Rxh4 31. Nxa6 Kf8 32. b5 Ke7 33. Nb4 Bb7 34. Rc1 Kd6 35. Nc6 Bf6 36. Na5 Bd5 37. Nc4+ Bxc4 38. Bxc4 Bd4 39. Bxf7 Bc5 40. Bg8 Rb4 41. Rd1+ Ke7 42. Bd5 Rxb5 43. Rh1 h5 44. Rc1 Bxf2 45. Be4 Bd4 46. Rc7+ Kf8 47. Kh3 Be5 48. Rc2 g5 49. Kg2 Rb4 50. Re2 Bf4 51. Bg6 h4 52. Bf5 Rb3 53. Bg4 Be3 54. Be6 Ra3 55. Kh3 Ke7 56. Ra2 Rc3 57. Bf5 Kd6 58. Be4 Rc1 59. Ra5 Rh1+ 60. Kg2 Rg1+ 61. Kh2 Rg3 62. Rd5+ Kc7 63. Rf5 Bf4 64. Kh1 Kd6 65. Rd5+ Ke6 66. Rb5 h3 67. Bf5+ Kf6 68. Bg4 h2 69. Rb1 Ke5 70. Rd1 Kf6 71. Re1 Kf7 72. Rd1 Ke8 73. Bh5+ Ke7 74. Bg4 Kf6 75. Re1 Kf7 76. Bh5+ Kf8 77. Bg4 Kg7 78. Rd1 Kf6 79. Re1 Be5 80. Rd1 Ke7 81. Rd7+ Ke8 82. Rd1 Bc7 83. Rc1 Bd6 84. Re1+ Kd8 85. Rc1 Bf4 86. Rd1+ Kc7 87. Bh5 Rh3 88. Bg4 Rh8 89. Bf5 Kb6 90. Bg4 Kc5 91. Be6 Kb4 92. Bg4 Kc3 93. Bf5 Rb8 94. Be4 Rb5 95. Rd3+ Kc4 96. Rd1 Re5 97. Bg6 Re3 98. Kg2 Re2+ 99. Kh1 Bd2 100. Bh5 Rf2 101. Ra1 Kd3 102. Ra2 Ke3 103. Ra3+ Kf4 104. Ra1 Kg3 105. Rb1 Be3 106. Bg4 Rg2 0-1

[Event "Kadrioru MK Open A"]
[Site "Tallinn, Paul Keres Chess House, Estonia"]
[Date "2023.02.12"]
[Round "5.5"]
[White "Shvyrjov, Igor"]
[Black "Valdats, Reinis"]
[Result "1-0"]
[TimeControl "90 minutes with 30 second increment from move 1"]
[WhiteTitle "GM"]
[WhiteElo "2369"]
[BlackElo "1736"]

1. d4 Nf6 2. Nf3 e6 3. c3 d5 4. Bg5 Be7 5. Nbd2 Nbd7 6. e3 O-O 7. Bd3 c5 8. O-O Re8 9. Ne5 Qb6 10. Qb1 h6 11. Bxf6 Nxf6 12. f4 Qc7 13. Rf2 Bd7 14. g4 Bd6 15. Rg2 Bc6 16. g5 hxg5 17. Rxg5 b5 18. Qf1 c4 19. Bc2 Nd7 20. Qg2 Bf8 21. Bh7+ Kh8 22. Nxf7+ Kxh7 23. Rh5+ Kg8 24. Qg6 Nf6 25. Rh8# 1-0

[ePGN "0.1;DGT LiveChess/2.2.5"]